 Dungeon Crawl Stone Soup version 0.20.0-15-g7f486f2 (webtiles) character file.

104790 Azzok the Warrior (level 16, -6/150 HPs)
             Began as a Gargoyle Berserker on June 13, 2017.
             Was the Champion of Trog.
             Killed by divine providence
             ... invoked by an orc priest
              (11 damage)
             ... on level 2 of the Orcish Mines.
             The game lasted 00:59:14 (22092 turns).

Azzok the Warrior (Gargoyle Berserker)             Turns: 22092, Time: 00:59:15

Health: -6/150     AC: 45    Str: 38    XL:     16   Next: 39%
Magic:  26/26      EV:  9    Int: 14    God:    Trog [******]
Gold:   2394       SH:  3    Dex: 15    Spells: 15/15 levels left

rFire    + . .     SeeInvis +   a - +10 eveningstar "Liney" {protect, +Fly rN+ MR- Dex+4 SInv}
rCold    + . .     Gourm    .   K - +0 buckler
rNeg     + + .     Faith    .   U - +2 plate armour {rF+}
rPois    ∞         Spirit   .   o - +3 hat of Pondering {ponderous, MR+ MP+10 Int+5}
rElec    +         Reflect  .   N - +2 cloak
rCorr    .         Harm     .   d - +2 pair of gloves {Str+3}
MR       ++...                  g - +0 pair of boots
Stlth    ..........             I - amulet of regeneration
Regen    0.8/turn               X - ring of protection from magic
MPRegen  0.2/turn               S - ring "Kamoipp" {Str+3 Dex+2 Stlth+}

@: berserking, protection aura, very quick
A: big wings, hooves 1, horns 1, thin metallic scales 1, cold resistance 1,
deformed body, frail 1, mutation resistance 1, negative energy resistance 1,
electricity resistance, wild magic 1, unbreathing, petrification resistance, no
potion heal 1, rot immunity, AC +11
a: Fly, Berserk, Trog's Hand, Brothers in Arms, Burn Spellbooks, Renounce
Religion, Evoke Flight


You were on level 2 of the Orcish Mines.
You worshipped Trog.
Trog was exalted by your worship.
You were near starving.

You visited 3 branches of the dungeon, and saw 23 of its levels.
You also visited: Labyrinth, Ossuary and Ice Cave.

You collected 2593 gold pieces.
You spent 199 gold pieces at shops.

Inventory:

Hand Weapons
 a - the +10 eveningstar "Liney" (weapon) {protect, +Fly rN+ MR- Dex+4 SInv}
   (Trog gifted it to you on level 11 of the Dungeon)

   It protects the one who uses it against injury (+AC on strike).
   It affects your dexterity (+4).
   It protects you from negative energy.
   It affects your resistance to hostile enchantments.
   It lets you see invisible.
   It lets you fly.
 b - the +9 staff of Olgreb {rPois}
   (You found it in a labyrinth)

   It protects you from poison.
Missiles
 f - 4 javelins of returning
 i - 18 javelins (quivered)
 t - 7 javelins of penetration
 F - 2 poisoned javelins
Armour
 d - a +2 pair of gloves of strength (worn)
 g - a +0 pair of boots (worn)
 o - the +3 hat of Pondering (worn) {ponderous, MR+ MP+10 Int+5}
   (You took it off Gastronok on level 11 of the Dungeon)

   It affects your intelligence (+5).
   It affects your resistance to hostile enchantments.
   It affects your magic capacity (+10).
 K - a +0 buckler (worn)
 N - a +2 cloak (worn)
 U - a +2 plate armour of fire resistance (worn)
Jewellery
 D - an uncursed ring of resist corrosion
 I - an amulet of regeneration (around neck)
 S - the ring "Kamoipp" (right hand) {Str+3 Dex+2 Stlth+}
   (You found it in a labyrinth)

   [ring of strength]

   It affects your strength (+3).
   It affects your dexterity (+2).
   It makes you more stealthy.
 X - a ring of protection from magic (left hand)
Wands
 r - a wand of digging (1/24)
 x - a wand of clouds (1/9)
Scrolls
 e - a scroll of brand weapon
 h - a scroll of fear {unknown}
 k - 10 scrolls of teleportation
 m - 5 scrolls of magic mapping
 n - 2 scrolls of immolation
 p - a scroll of enchant weapon
 s - 4 scrolls of blinking
 u - 2 scrolls of holy word {unknown}
 L - 2 scrolls of fog {unknown}
 T - 8 scrolls of remove curse
Potions
 j - 5 potions of haste
 l - a potion of resistance
 q - 8 potions of agility
 v - 10 potions of curing
 w - 6 potions of heal wounds
 y - 4 potions of might {unknown}
 z - 2 potions of degeneration {unknown}
 C - 2 potions of brilliance {unknown}
 E - a potion of experience {unknown}
 G - a potion of cancellation {unknown}
 H - 2 potions of mutation {unknown}
 J - 5 potions of magic {unknown}
Comestibles
 c - 16 bread rations
 A - 8 royal jellies
 B - 9 meat rations
 M - 2 fruits


   Skills:
 + Level 17.3 Fighting
 + Level 16.1 Maces & Flails
 - Level 10.2 Throwing
 + Level 14.4 Armour
 - Level 1.5 Dodging
 + Level 0.0 Shields


You had 15 spell levels left.
You didn't know any spells.

Dungeon Overview and Level Annotations

Branches:
Dungeon (15/15)            Temple (0/1) D:5            Lair (6/6) D:9
 Shoals (0/4) Lair:2       Spider (0/4) Lair:2        Slime (0/5) Lair:6
    Orc (2/2) D:12            Elf (0/3) Orc:2        Vaults (0/5) D:13
 Depths (0/5) D:15

Altars:
Ashenzari
Dithmenos
Fedhas
Hepliaklqana
Nemelex Xobeh
Ru
Sif Muna
Uskayaw
Xom
Yredelemnul
Zin
Beogh
Jiyva
Lugonu

Shops:
D:5 [   D:6 %   D:10 ?*%%!   D:13 *}=   Orc:1 *

Annotations:
Lair:6 1 runed door


Innate Abilities, Weirdness & Mutations

You are resistant to torment.
Your stone body is resilient. (AC +11)
You are immune to poison.
Your large and strong wings let you fly indefinitely.
You resist negative energy. (rN+)
You are resistant to electric shocks. (rElec)
You can survive without breathing.
You are immune to petrification.
You are immune to rotting.
You have large cloven feet.
You have a pair of small horns on your head.
You are partially covered in thin metallic scales. (AC +2)
Your flesh is cold resistant. (rC+)
Armour fits poorly on your strangely shaped body.
You are frail. (-10% HP)
You are somewhat resistant to further mutation.
Your spells are a little harder to cast, but a little more powerful.
Potions are less effective at restoring your health.


Message History

You are near starving!
The orc warrior hits you but does no damage.
The orc priest mumbles some strange prayers to Beogh against you.
Beogh smites you!
* * * LOW HITPOINT WARNING * * *
The orc priest invokes the aid of Beogh against you.
Beogh smites you!
* * * LOW HITPOINT WARNING * * *
An orc knight comes into view. It is wielding a long sword.
The orc knight shouts!
You sock the orc warrior!
Your weapon exudes an aura of protection.
The orc warrior is moderately wounded.
The orc priest looks encouraged for a moment.
You block the orc warrior's attack.
Your plate armour prevents you from hitting the orc warrior.
The orc warrior is moderately wounded.
The orc priest invokes the aid of Beogh against you.
Beogh smites you!
You die...

▒▒···o····▒
▒······(o▒▒
▒·····ooo▒
▒·····ooo▒
▒····o▒oo▒▒
▒····▒▒ooo▒
▒·····▒▒o▒▒
▒····▒▒▒o▒
▒··▒··▒▒@▒
▒······▒·▒
▒▒·▒···▒·▒
▒▒▒<▒····▒
▒········▒▒
▒·········▒
▒▒········▒
▒▒·······▒▒▒▒▒▒▒▒
▒▒···▒·▒··▒·▒▒·▒▒


You could see an orc knight, 3 orc warriors, 5 orc priests, an orc wizard and 4
orcs.

Vanquished Creatures
  Rupert (Lair:4)
  Gastronok (D:11)
  The ghost of Nicoed the Earth Mage, a journeyman OpEE of Sif Muna (Lair:6)
  An orc warlord (Orc:2)
  A stone giant (Orc:1)
  A minotaur (Lab)
  Snorg (D:13)
  Josephine (D:11)
  2 ettins
  Harold (Lair:2)
  3 vault guards (D:13)
  2 rakshasas
  A catoblepas (Lair:6)
  9 hydras
  2 centaur warriors (D:15)
  A death knight (D:12)
  2 tengu warriors (D:13)
  7 death yaks
  10 two-headed ogres
  2 ogre magi (D:15)
  Sonja (Lair:2)
  3 skeletal warriors (D:12)
  6 unseen horrors
  A deep troll (D:15)
  2 wizards (D:13)
  A deep elf archer (D:15)
  2 necromancers (D:13)
  3 manticores
  2 orc sorcerers
  2 wolf spiders (Lair:6)
  2 deep elf magi (D:15)
  3 cyclopes
  An orb spider (Lair:2)
  3 ugly things
  4 black mambas
  2 elephants (Lair:6)
  A moth of wrath (shapeshifter) (D:15)
  Joseph (D:7)
  Maurice (D:8)
  3 ice statues (IceCv)
  The ghost of NoAnimeNoLife the Covert, a novice SpEn of Dithmenos (D:6)
  3 torpor snails
  14 spiny frogs
  2 gargoyles
  3 freezing wraiths (D:12)
  4 rime drakes
  10 komodo dragons
  4 red devils (D:14)
  A yaktaur (D:15)
  2 minotaur zombies (Lab)
  A jumping spider (shapeshifter) (D:12)
  8 trolls
  2 hornets
  A hornet (shapeshifter) (D:13)
  12 hippogriffs
  2 blink frogs (Lair:6)
  3 dream sheep (Lair:6)
  5 slime creatures (D:13)
  A dream sheep (shapeshifter) (D:15)
  2 shadows (Lab)
  6 wraiths
  5 wyverns
  33 yaks
  2 vampires
  17 humans (D:13)
  3 basilisks
  A hog (shapeshifter) (D:13)
  3 vampire mosquitoes (D:12)
  Menkaure (D:4)
  3 hungry ghosts
  An acid dragon (D:13)
  3 wargs
  7 water moccasins
  23 orc warriors
  8 porcupines
  10 sky beasts
  20 ice beasts
  An eye of draining (D:9)
  A hornet zombie (D:14)
  7 phantoms
  A black bear (Lair:1)
  7 ogres
  15 wolves
  18 centaurs
  10 crocodiles
  3 big kobolds
  15 bullfrogs
  5 water moccasin zombies (Ossuary)
  A wyvern skeleton (D:9)
  7 scorpions
  A troll zombie (D:12)
  11 killer bees
  4 wights (D:13)
  10 howler monkeys
  9 crimson imps
  2 bullfrog zombies (D:5)
  7 centaur zombies
  8 hounds
  7 jellies
  25 orc priests
  22 orc wizards
  A bullfrog skeleton (D:9)
  Natasha (twice) (D:4)
  8 centaur skeletons
  7 worker ants
  6 iguanas
  7 ogre zombies (D:12)
  A big kobold zombie (Ossuary)
  2 mummies (Ossuary)
  A hound skeleton (D:7)
  A worker ant zombie (D:7)
  14 adders
  3 shadow imps
  An ooze (D:1)
  3 adder skeletons
  6 adder zombies (Ossuary)
  2 worms
  2 dart slugs
  3 leopard geckos
  88 orcs
  6 bats
  5 giant cockroaches
  2 gnoll zombies (Ossuary)
  11 goblins
  8 hobgoblins
  5 jackals
  4 quokkas
  4 frilled lizards
  4 goblin zombies (D:12)
  A hobgoblin skeleton (D:12)
  14 hobgoblin zombies
  26 kobolds
  3 kobold zombies (Ossuary)
  A leopard gecko zombie (D:6)
  An orc skeleton (D:12)
  19 orc zombies
  3 quokka skeletons
  5 rats
  A bush (Lair:2)
  A fungus (Lair:2)
800 creatures vanquished.

Vanquished Creatures (others)
  An orc priest (Orc:2)
  5 fungi
  3 plants
9 creatures vanquished.

Grand Total: 809 creatures vanquished

Notes
Turn   | Place    | Note
-------+----------+-------------------------------------------
     0 | D:1      | Azzok the Gargoyle Berserker began the quest for the Orb.
     0 | D:1      | Reached XP level 1. HP: 14/14 MP: 1/1
   288 | D:1      | Reached XP level 2. HP: 8/19 MP: 2/2
   649 | D:1      | Reached XP level 3. HP: 20/24 MP: 3/3
   922 | D:2      | Reached skill level 4 in Fighting
  1560 | D:3      | Reached XP level 4. HP: 30/30 MP: 4/4
  1727 | D:3      | Reached ** piety under Trog
  2082 | D:3      | Reached XP level 5. HP: 34/34 MP: 5/5
  2099 | D:3      | Reached skill level 5 in Fighting
  2228 | D:3      | You fall through a shaft for 3 floors!
  2273 | D:6      | Noticed a sky beast
  2281 | D:6      | Killed a sky beast
  2281 | D:6      | Reached skill level 5 in Maces & Flails
  2281 | D:6      | Reached XP level 6. HP: 34/41 MP: 2/6
  2283 | D:6      | Found a sand-covered staircase.
  2317 | Ossuary  | Entered an ossuary
  2454 | Ossuary  | Reached skill level 6 in Fighting
  2508 | Ossuary  | Reached XP level 7. HP: 36/47 MP: 5/7
  2633 | Ossuary  | Reached *** piety under Trog
  2901 | Ossuary  | Reached skill level 7 in Fighting
  3247 | D:5      | Entered Level 5 of the Dungeon
  3422 | D:5      | Got a slimy whip
  3423 | D:5      | Identified the +3 whip "Seucoturgh" {antimagic, rC- rN+ Str+6} (You found it on level 5 of the Dungeon)
  3440 | D:5      | Reached XP level 8. HP: 51/53 MP: 1/8
  3655 | D:5      | Reached skill level 8 in Fighting
  3874 | D:5      | Found a staircase to the Ecumenical Temple.
  3930 | D:5      | Reached **** piety under Trog
  4153 | D:5      | Found Elefreid's Armour Shop.
  4365 | D:4      | Noticed Natasha
  4375 | D:4      | Killed Natasha
  4390 | D:4      | Noticed Menkaure
  4398 | D:4      | Killed Menkaure
  4612 | D:4      | Found a basalt altar of Yredelemnul.
  4614 | D:4      | Found a shadowy altar of Dithmenos.
  4653 | D:4      | Reached skill level 9 in Fighting
  4907 | D:4      | Noticed Natasha
  4914 | D:4      | Killed Natasha
  4951 | D:4      | Reached XP level 9. HP: 53/60 MP: 7/9
  5315 | D:3      | Found a deep blue altar of Sif Muna.
  5644 | D:6      | Noticed NoAnimeNoLife's ghost (novice SpEn)
  5665 | D:6      | Killed NoAnimeNoLife's ghost
  5665 | D:6      | Reached skill level 10 in Fighting
  5798 | D:6      | Found a glowing silver altar of Zin.
  5807 | D:6      | Noticed an angel
  5872 | D:6      | Found Rec Ipa's Food Shoppe.
  5937 | D:6      | Found a shimmering altar of Xom.
  6340 | D:7      | Gained mutation: Your muscles are strong. (Str +2) [mutagenic meat]
  6341 | D:7      | Gained mutation: You are partially covered in thin metallic scales. (AC +2) [mutagenic meat]
  6342 | D:7      | Gained mutation: You have a pair of small horns on your head. [mutagenic meat]
  6380 | D:7      | Reached ***** piety under Trog
  6520 | D:7      | Reached skill level 11 in Fighting
  6532 | D:7      | Reached skill level 10 in Maces & Flails
  6752 | D:7      | Noticed Joseph
  6771 | D:7      | Killed Joseph
  6771 | D:7      | Reached XP level 10. HP: 70/70 MP: 10/10
  6814 | D:7      | Got a transparent whip
  6815 | D:7      | Identified the +4 whip of Siuph {drain, Dex+2} (You found it on level 7 of the Dungeon)
  6897 | D:7      | Gained mutation: You are agile. (Dex +2) [mutagenic meat]
  6899 | D:7      | Lost mutation: You are agile. (Dex +2) [mutagenic meat]
  6901 | D:7      | Gained mutation: Potions are less effective at restoring your health. [mutagenic meat]
  6902 | D:7      | Lost mutation: Your muscles are strong. (Str +2) [mutagenic meat]
  7237 | D:8      | Reached skill level 1 in Throwing
  7274 | D:8      | Noticed Maurice
  7304 | D:8      | Killed Maurice
  7497 | D:8      | Found a sparkling altar of Nemelex Xobeh.
  7902 | D:9      | Gained mutation: Your flesh is cold resistant. (rC+) [mutagenic meat]
  8077 | D:9      | Found a staircase to the Lair.
  8263 | D:9      | Noticed a two-headed ogre
  8275 | D:9      | Killed a two-headed ogre
  8275 | D:9      | Reached skill level 12 in Fighting
  8589 | D:9      | Noticed a two-headed ogre
  8602 | D:9      | Killed a two-headed ogre
  8602 | D:9      | Reached skill level 5 in Armour
  8602 | D:9      | Reached XP level 11. HP: 76/76 MP: 11/11
  8649 | D:9      | Found a sacrificial altar of Ru.
  8653 | D:9      | Found a shattered altar of Ashenzari.
  8653 | D:9      | Found a hide-covered altar of Uskayaw.
  8676 | D:9      | Found a hazy altar of Hepliaklqana.
  8679 | D:9      | Found a blossoming altar of Fedhas.
  8839 | D:10     | Entered Level 10 of the Dungeon
  8958 | D:10     | Found Uphul's Magic Scroll Boutique.
  8979 | D:10     | Bought 2 scrolls of identify for 56 gold pieces
  8979 | D:10     | Bought a scroll of identify for 28 gold pieces
  8979 | D:10     | Bought a scroll of identify for 28 gold pieces
  9168 | D:10     | Found Yfajeot's Assorted Antiques.
  9179 | D:10     | Found Vowaosem's Food Shoppe.
  9323 | D:10     | Found Noddu's Food Boutique.
  9509 | D:10     | Found Ello's Distillery.
  9517 | D:10     | Bought a potion of flight for 33 gold pieces
  9613 | D:11     | Found a labyrinth entrance.
  9632 | D:11     | Received a gift from Trog
  9635 | D:11     | Got a smoking eveningstar {god gift}
  9636 | D:11     | Identified the +10 eveningstar "Liney" {protect, +Fly rN+ MR- Dex+4 SInv} (Trog gifted it to you on level 11 of the Dungeon)
  9670 | Lab      | Entered a labyrinth
  9803 | Lab      | Noticed an unseen horror
  9808 | Lab      | Killed an unseen horror
  9809 | Lab      | Noticed an unseen horror
  9813 | Lab      | Got a transparent pewter ring
  9818 | Lab      | Killed an unseen horror
  9819 | Lab      | Identified the ring "Kamoipp" {Str+3 Dex+2 Stlth+} (You found it in a labyrinth)
 10093 | Lab      | Noticed a minotaur
 10098 | Lab      | Killed a minotaur
 10098 | Lab      | Reached skill level 5 in Throwing
 10101 | Lab      | Got a coiled golden amulet
 10154 | Lab      | Identified the amulet of Recklessness {Harm *Drain rN+ Int-3 Dex+5 Stlth+} (You found it in a labyrinth)
 10221 | D:11     | Noticed a two-headed ogre
 10228 | D:11     | Killed a two-headed ogre
 10230 | D:11     | Noticed Gastronok
 10234 | D:11     | Noticed Josephine
 10243 | D:11     | Killed Gastronok
 10243 | D:11     | Reached skill level 13 in Fighting
 10243 | D:11     | Reached XP level 12. HP: 69/84 MP: 12/12
 10246 | D:11     | Killed Josephine
 10890 | D:12     | Noticed a four-headed hydra
 10903 | D:12     | Killed a four-headed hydra
 10903 | D:12     | Received a gift from Trog
 10953 | D:12     | Noticed a two-headed ogre
 10958 | D:12     | Killed a two-headed ogre
 11022 | D:12     | Noticed a rakshasa
 11035 | D:12     | Killed a rakshasa
 11217 | D:12     | Found a roughly hewn altar of Beogh.
 11242 | D:12     | Reached XP level 13. HP: 89/89 MP: 13/13
 11277 | D:12     | Reached skill level 14 in Fighting
 11497 | D:12     | Received a gift from Trog
 11507 | D:12     | Found a staircase to the Orcish Mines.
 11745 | D:13     | Gained mutation: You are frail. (-10% HP) [mutagenic meat]
 11747 | D:13     | Gained mutation: Your spells are a little harder to cast, but a little more powerful. [mutagenic meat]
 11772 | D:13     | Found Ehacoem's Assorted Antiques.
 11950 | D:13     | Reached ****** piety under Trog
 11953 | D:13     | Found a corrupted altar of Lugonu.
 11978 | D:13     | Reached skill level 10 in Armour
 12121 | D:13     | Received a gift from Trog
 12271 | D:13     | Found Saako's Gadget Shoppe.
 12352 | D:13     | Found Lufrint's Jewellery Boutique.
 12385 | D:13     | Bought a cursed ring of loudness for 54 gold pieces
 12511 | D:13     | Noticed Snorg
 12528 | D:13     | Killed Snorg
 12695 | D:13     | Gained mutation: Your large and strong wings let you fly indefinitely. [Gargoyle growth]
 12695 | D:13     | Reached XP level 14. HP: 86/86 MP: 14/14
 12739 | D:13     | Found a gate to the Vaults.
 12768 | D:13     | Reached skill level 15 in Fighting
 13176 | Lair:1   | Entered Level 1 of the Lair of Beasts
 13540 | Lair:1   | Received a gift from Trog
 14306 | Lair:2   | Received a gift from Trog
 14605 | Lair:2   | Found a staircase to the Shoals.
 14615 | Lair:2   | Noticed Harold
 14630 | Lair:2   | Killed Harold
 14676 | Lair:2   | Noticed Sonja
 14707 | Lair:2   | Killed Sonja
 14721 | Lair:2   | Found a hole to the Spider Nest.
 15937 | Lair:4   | Noticed Rupert
 15959 | Lair:4   | Killed Rupert
 15959 | Lair:4   | Reached skill level 10 in Throwing
 16302 | Lair:4   | Received a gift from Trog
 16466 | Lair:4   | Reached XP level 15. HP: 92/93 MP: 15/15
 17760 | Lair:6   | Entered Level 6 of the Lair of Beasts
 17777 | Lair:6   | Noticed Nicoed's ghost (journeyman OpEE)
 17793 | Lair:6   | Killed Nicoed's ghost
 17793 | Lair:6   | Reached skill level 16 in Fighting
 17813 | Lair:6   | Found a runed door.
 17814 | Lair:6   | Found a viscous altar of Jiyva.
 17823 | Lair:6   | Found a staircase to the Slime Pits.
 17858 | Lair:6   | Found a frozen archway.
 17897 | IceCv    | Entered an ice cave
 17915 | IceCv    | Reached skill level 15 in Maces & Flails
 17942 | IceCv    | Gained mutation: Armour fits poorly on your strangely shaped body. [mutagenic meat]
 17943 | IceCv    | Gained mutation: You are somewhat resistant to further mutation. [mutagenic meat]
 18047 | IceCv    | Gained mutation: You have large cloven feet. [mutagenic meat]
 18290 | Lair:6   | Received a gift from Trog
 19840 | D:15     | Entered Level 15 of the Dungeon
 19961 | D:15     | Received a gift from Trog
 19962 | D:15     | Reached XP level 16. HP: 84/100 MP: 16/16
 20256 | D:15     | Reached skill level 17 in Fighting
 20276 | D:15     | Received a gift from Trog
 20288 | D:15     | Found a staircase to the Depths.
 20342 | D:15     | Found a shadowy altar of Dithmenos.
 20766 | Orc:1    | Entered Level 1 of the Orcish Mines
 20798 | Orc:1    | Found Seolaugess's General Store.
 20903 | Orc:1    | Received a gift from Trog
 21377 | Orc:2    | Entered Level 2 of the Orcish Mines
 21387 | Orc:2    | Received a gift from Trog
 21548 | Orc:2    | Found a roughly hewn altar of Beogh.
 21561 | Orc:2    | Found a staircase to the Elven Halls.
 21734 | Orc:2    | Received a gift from Trog
 22090 | Orc:2    | HP: 4/150 [orc priest/divine providence (16)]
 22092 | Orc:2    | Killed from afar by an orc priest

Skill      XL: |  1  2  3  4  5  6  7  8  9 10 11 12 13 14 15 16 |
---------------+-------------------------------------------------+-----
Fighting       | 4 5 6 7 9 11 12 13 14 15 16 17 | 17.3
Maces & Flails | 4 5 6 8 10 11 12 13 14 15 16 | 16.1
Throwing       | 3 5 7 8 10 | 10.2
Armour         | 5 7 9 10 12 13 14 | 14.4
Dodging        | |  1.5

Action                   |  1- 3 |  4- 6 |  7- 9 | 10-12 | 13-15 | 16-18 || total
-------------------------+-------+-------+-------+-------+-------+-------++-------
Melee: Mace              |   104 |   198 |   214 |       |       |       ||   516
       Whip              |       |       |    22 |       |       |       ||    22
       Quarterstaff      |       |       |   373 |   317 |       |       ||   690
       Headbutt          |       |       |    21 |   150 |   362 |    61 ||   594
       Eveningstar       |       |       |       |   238 |   873 |   224 ||  1335
       Staff             |       |       |       |       |   399 |       ||   399
Invok: Berserk           |       |     2 |     7 |     5 |     6 |     4 ||    24
Evoke: Wand              |       |       |       |     1 |     2 |     1 ||     4
  Use: Scroll            |       |       |     1 |    20 |     6 |       ||    27
  Eat: Chunk             |     2 |     4 |    20 |    30 |    42 |     9 ||   107
       Meat ration       |       |       |     1 |       |       |       ||     1
       Royal jelly       |       |       |     1 |     1 |     2 |       ||     4
Armor: Ring mail         |    47 |   114 |    56 |       |       |       ||   217
       Animal skin       |     2 |       |       |       |       |       ||     2
       Scale mail        |       |       |   300 |    75 |       |       ||   375
       Chain mail        |       |       |       |   187 |       |       ||   187
       Plate armour      |       |       |       |   230 |  1110 |   213 ||  1553
Dodge: Dodged            |    73 |   116 |   273 |   264 |   511 |   106 ||  1343
Block: Buckler           |       |       |       |       |       |     1 ||     1
